 Dungeon Crawl Stone Soup version 0.28.0-47-ge53b351184 (webtiles) character file.

Game seed: 5301386130512472081

15 Descartes the Sneak (level 2, -1/14 HPs)
             Began as a Felid Delver on May 4, 2022.
             Slain by an iguana (12 damage)
             ... on level 4 of the Dungeon.
             The game lasted 00:00:35 (180 turns).

Descartes the Sneak (Felid Delver)                   Turns: 180, Time: 00:00:35

Health: -1/14      AC:  1    Str:  8    XL:     2   Next: 34%
Magic:  3/3        EV: 18    Int: 11    God:
Gold:   40         SH:  0    Dex: 17    Spells: 1/1 levels left
                                        Lives:  0   Deaths: 0

rFire   . . .      SeeInvis +     - Unarmed
rCold   . . .      Faith    .   (shield unavailable)
rNeg    . . .      Spirit   .   (armour unavailable)
rPois   .          Reflect  .   (helmet unavailable)
rElec   .          Harm     .   (cloak unavailable)
rCorr   .          Rampage  .   (gloves unavailable)
Will    .....                   (boots unavailable)
Stlth   ++++......              (no amulet)
HPRegen 0.04/turn               (no ring)
MPRegen 0.08/turn               (no ring)

@: quick
A: very small, claws 1, fangs 3, see invisible, speed 1, shaggy fur 1, stealthy
paws, no weapons or thrown items, no armour, multi-lived
a: no special abilities


You were on level 4 of the Dungeon.
You visited 1 branch of the dungeon, and saw 2 of its levels.

You collected 40 gold pieces.

Inventory:

Wands
 e - a wand of digging (3)
Scrolls
 a - a scroll of fog
 b - a scroll of magic mapping
 c - 2 scrolls of fear
Potions
 d - a potion of haste
 f - a potion of ambrosia {unknown}


   Skills:
 + Level 3.1 Fighting
 + Level 3.0 Dodging
 + Level 6.8 Stealth
 + Level 2.2 Unarmed Combat
 + Level 0.7 Evocations


You had one spell level left.
You didn't know any spells.
Your spell library was empty.

Dungeon Overview and Level Annotations

Branches:
Dungeon (5/15)
 Temple: D:4-7

Altars:

Shops:
D:4 ?


Innate Abilities, Weirdness & Mutations

You have sharp claws.
You have razor-sharp teeth.
You have supernaturally acute eyesight. (SInv)
You cover ground quickly. (Speed+)
You are covered in fur. (AC +1)
Your paws help you pounce on unaware monsters.
You are incapable of wielding weapons or throwing items.
You cannot wear armour.
You gain extra lives every three experience levels.


Message History

Found a robe.
Found a red potion.
You pounce on the unaware helpless goblin!
You mangle the goblin!!
You kill the goblin!
No target in view!
No target in view!
No target in view!
No target in view!
No target in view!
No target in view!
No target in view!
No target in view!
No target in view!
No target in view!
No target in view!
No target in view!
No target in view!
Found a stone staircase leading up.
f - a red potion You now have enough gold to buy a scroll of amnesia on this level, buy a scroll of immolation on this level, or buy a scroll of magic mapping on this level.
You can access your shopping list by pressing '$'.
You now have 40 gold pieces (gained 17).
Found a stone staircase leading up.
Found 13 stones.
An iguana comes into view.
Found 14 gold pieces.
You barely miss the iguana. Your bite misses the iguana.
The iguana completely misses you.
You scratch the iguana but do no damage.
The iguana closely misses you.
You scratch the iguana but do no damage.
You bite the iguana, but do no damage. The iguana bites you.
You scratch the iguana but do no damage.
The iguana closely misses you.
You scratch the iguana. You bite the iguana.
The iguana is lightly wounded.
The iguana bites you!
Ouch! That really hurt!
You die...

### ... ... .. #.. ..
##..# #.# #....# #.#
#..l###.# #$@#..#
###...# # ##..## .###
#...##..... #..# #(
###..?....... ##..####
###.###.....##.###
#......###...........#
.#
................##...#
≈ ...............#
##..##


You could see an iguana.

Vanquished Creatures
  A howler monkey skeleton (D:4)
  An endoplasm (D:4)
  A hobgoblin (D:4)
  A quokka (D:4)
  A goblin (D:4)
5 creatures vanquished.

Notes
Turn   | Place    | Note
-------+----------+-------------------------------------------
     0 | D:5      | Descartes the Felid Delver began the quest for the Orb.
     0 | D:5      | Reached XP level 1. HP: 10/10 MP: 2/2
    21 | D:4      | Reached XP level 2. HP: 11/14 MP: 3/3
    75 | D:4      | Found Cuteh's Magic Scroll Shoppe.
   180 | D:4      | Slain by an iguana

Illustrated notes

Levels and vault maps discovered:
D:4:      layout_layer_cave, lemuel_temple_firewalk_b, serial_shops, shop,
          minmay_crystal_water, uniq_grinder
D:5:      layout_rooms

Skill      XL: |  1 |
---------------+----+-----
Dodging        | 3 |  3.0
Fighting       | |  3.1
Stealth        | |  6.8
Unarmed Combat | |  2.2
Evocations     | |  0.7

Action                   || total
-------------------------++-------
Melee: Unarmed           ||    15
       Bite              ||     2
 Stab: Sleeping          ||     3
Dodge: Dodged            ||     7
